 Dungeon Crawl Stone Soup version 0.18-a0-1285-g60d00e1 (webtiles) character file.

2958 M4edhros the Covert (level 9, -1/53 HPs)
             Began as an Octopode Artificer on Feb 8, 2016.
             Killed from afar by an orc wizard (9 damage)
             ... with a magic dart
             ... on level 4 of the Dungeon.
             The game lasted 00:23:05 (9966 turns).

M4edhros the Covert (Octopode Artificer)            Turns: 9966, Time: 00:23:05

Health: -1/53      AC: -1    Str:  8    XL:     9   Next: 81%
Magic:  13/13      EV: 11    Int: 17    God:    Xom [..*...]
Gold:   282        SH: 17    Dex: 11    Spells: 0 memorised, 8 levels left

rFire  + . .     SeeInvis .     w - +8 lightning rod (5/12)
rCold  x . .     Gourm    .     r - +0 large shield
rNeg   . . .     Faith    .     (helmet restricted)
rPois  .         Spirit   .     v - +4 amulet of reflection
rElec  .         Dismiss  .     m - -2 ring of protection (curse)
rCorr  .         Reflect  +     q - ring of fire
SustAt .         Harm     .     y - -2 ring of strength (curse)
MR     .....     Rnd*Tele +     (no ring)
Stlth  +++++++...               (no ring)
                                (no ring)
                                (no ring)
                                (no ring)

@: not resistant to hostile enchantments, extremely stealthy
A: almost no armour, amphibious, 8 rings, constrict 8, camouflage 2, blurry
vision 1, clumsy 1, low mp 1, teleportitis 1, gelatinous body 1, evolution 1
a: Renounce Religion


You were on level 4 of the Dungeon.
You worshipped Xom.
You were a toy of Xom.
You were hungry.

You visited 2 branches of the dungeon, and saw 9 of its levels.

You collected 282 gold pieces.

Inventory:

Hand Weapons
 p - a +0 rapier
 C - a +1 whip of venom
 H - a +2 quarterstaff of protection
Missiles
 g - 25 sling bullets
 I - 72 stones (quivered)
Armour
 r - a +0 large shield (worn)
Rods
 w - a +8 lightning rod (5/12) (weapon)
   (Xom gifted it to you on level 7 of the Dungeon)
Jewellery
 m - a cursed -2 ring of protection (left tentacle)
 q - a ring of fire (right tentacle)
 v - a +4 amulet of reflection (around mantle)
 y - a cursed -2 ring of strength (on tentacle)
Wands
 b - a wand of flame (3/48)
 c - a wand of enslavement (0/24)
 d - a wand of random effects (13/48)
 n - a wand of acid (7/15)
 E - a wand of confusion (5/48)
 G - a wand of hasting (3/9)
 J - a wand of digging (11/24)
Scrolls
 e - 3 scrolls of enchant armour {unknown}
 h - 5 scrolls of teleportation {unknown}
 k - 3 scrolls of remove curse {unknown}
 l - a scroll of blinking {unknown}
 o - 3 scrolls of fog {unknown}
 s - a scroll of random uselessness {unknown}
 x - a scroll of silence {unknown}
 z - 2 scrolls of identify {unknown}
 A - a scroll of magic mapping {unknown}
Potions
 i - a potion of brilliance
 B - a potion of beneficial mutation {unknown}
 D - a potion of lignification
Books
 t - a book of Debilitation

   Spells                             Type                      Level
   a - Corona                         Hexes                        1
   b - Slow                           Hexes                        2
   c - Gell's Gravitas                Hexes/Translocation          3
   d - Inner Flame                    Hexes/Fire                   3
   e - Cause Fear                     Hexes                        4
   f - Leda's Liquefaction            Hexes/Earth                  4
 u - a Young Poisoner's Handbook

   Spells                             Type                      Level
   a - Sting                          Conjuration/Poison           1
   b - Cure Poison                    Poison                       2
   c - Mephitic Cloud                 Conjuration/Poison/Air       3
   d - Olgreb's Toxic Radiance        Poison                       4
   e - Venom Bolt                     Conjuration/Poison           5
Comestibles
 f - 4 bread rations


   Skills:
 - Level 1.0 Fighting
 - Level 1.0 Short Blades
 + Level 6.9 Dodging
 + Level 9.6 Stealth
 * Level 6.6 Shields
 * Level 7.8 Evocations


You had 8 spell levels left.
You didn't know any spells.

Dungeon Overview and Level Annotations

Branches:
Dungeon (8/15)             Temple (1/1) D:7
   Lair: D:8-11

Altars:
Ashenzari
Elyvilon
Fedhas
Gozag
Kikubaaqudgha
Makhleb
Nemelex Xobeh
Okawaru
Pakellas
Qazlal
Trog
Vehumet
Xom
Zin
The Shining One


Innate Abilities, Weirdness & Mutations

You cannot wear most types of armour.
You are amphibious.
You can wear up to eight rings at the same time.
You can use your tentacles to constrict eight enemies at once.
Your skin blends seamlessly with your surroundings (Stealth).
Your rubbery body absorbs attacks (AC +1).
Scrolls take you a little longer to read.
You are clumsy. (Dex -2)
Your magical capacity is low (-10% MP).
You are occasionally teleported next to monsters.
You evolve.


Message History

The magic dart hits you!
* * * LOW HITPOINT WARNING * * *
Aiming: Thunderbolt
Press: ? - help, Shift-Dir - straight line, f - giant cockroach
Aim: a giant cockroach (clinging)
The lightning hits the giant cockroach.
You kill the giant cockroach!
The lightning hits something.
You hit something but do no damage. You squeeze something. Something hits you.
* * * LOW HITPOINT WARNING * * *
You can't see any susceptible monsters within range! (Use V to cast anyway.) Unknown command.
You can't see any susceptible monsters within range! (Use V to cast anyway.) Evoke which item? (* to show all) (? for menu, Esc to quit)
Aiming: Thunderbolt
Press: ? - help, Shift-Dir - straight line, f - you You hear some strange, mumbled words.
A magic dart appears from out of thin air!
The magic dart hits you!
You die...

#.# #.# ##'## ##..<## #
##.....## ###.
##......>##
#....####.........####..
#...††)@'.........'.....
#....####.....<...####..
..... ##.......## .#.#
##.....## # ##...##
##+## #.# #.# ##.##


There were no monsters in sight!

Vanquished Creatures
  Prince Ribbit (D:6)
  A blink frog (shapeshifter) (D:8)
  A hog (D:8)
  Eustachio (D:5)
  A naga (D:5)
  An orc warrior (D:6)
  2 ice beasts (D:5)
  3 ogres
  A phantom (D:6)
  A wasp (D:8)
  A centaur (D:8)
  A big kobold (D:7)
  A giant frog (D:6)
  2 scorpions
  2 killer bees (D:8)
  5 crimson imps
  A centaur zombie (D:5)
  A giant frog zombie (D:7)
  A quasit (D:7)
  3 hounds
  A centaur skeleton (D:6)
  3 orc priests
  4 jellies
  5 orc wizards
  A giant frog skeleton (D:7)
  2 iguanas
  6 worker ants
  A hound zombie (D:8)
  A worker ant zombie (D:7)
  3 gnolls (D:7)
  6 adders
  2 shadow imps
  2 adder zombies
  A worm (D:4)
  4 giant geckos
  18 orcs
  2 bats (D:3)
  2 giant cockroaches (D:4)
  2 hobgoblins
  8 jackals
  8 kobolds
  2 ball pythons
  A giant cockroach zombie (D:6)
  A giant gecko skeleton (D:5)
  4 giant newts
  A goblin (D:1)
  A quokka zombie (D:5)
  7 rats
130 creatures vanquished.

Vanquished Creatures (collateral kills)
  A jelly (D:6)
  A hound skeleton (D:6)
  A giant gecko (D:6)
  2 orcs
  4 jackals (D:6)
  A quokka (D:6)
10 creatures vanquished.

Vanquished Creatures (others)
  An orc wizard (D:4)
  An orc (D:8)
2 creatures vanquished.

Grand Total: 142 creatures vanquished

Notes
Turn   | Place    | Note
--------------------------------------------------------------
     0 | D:1      | M4edhros the Octopode Artificer began the quest for the Orb.
     0 | D:1      | Reached XP level 1. HP: 13/13 MP: 3/3
   160 | D:2      | Reached XP level 2. HP: 18/18 MP: 4/4
   479 | D:3      | Reached XP level 3. HP: 23/23 MP: 5/5
   720 | D:4      | Noticed a phantom
  1233 | D:5      | Entered Level 5 of the Dungeon
  1404 | D:5      | Reached XP level 4. HP: 6/28 MP: 6/6
  1405 | D:5      | HP: 1/28 [crimson imp (4)]
  1406 | D:5      | Reached skill level 4 in Stealth
  1713 | D:5      | Reached XP level 5. HP: 9/33 MP: 8/8
  1732 | D:5      | Noticed an ice beast
  1758 | D:5      | Found an oddly glowing altar of Pakellas.
  1760 | D:5      | Killed an ice beast
  1760 | D:5      | Reached skill level 5 in Stealth
  1760 | D:5      | Reached XP level 6. HP: 13/38 MP: 9/9
  1769 | D:5      | Noticed a naga
  1769 | D:5      | a scorpion changed into a naga
  1968 | D:4      | Paralysed by fainting for 9 turns
  2330 | D:5      | Found a white marble altar of Elyvilon.
  2446 | D:5      | Found an iron altar of Okawaru.
  2501 | D:5      | Noticed Eustachio
  2553 | D:5      | Killed Eustachio
  2553 | D:5      | Reached skill level 6 in Stealth
  2760 | D:5      | Reached XP level 7. HP: 12/43 MP: 10/10
  3063 | D:6      | Reached skill level 5 in Dodging
  3083 | D:6      | Noticed Prince Ribbit
  3337 | D:6      | HP: 2/43 [Prince Ribbit (5)]
  3819 | D:7      | Reached skill level 5 in Evocations
  3897 | D:7      | Found a staircase to the Ecumenical Temple.
  3981 | Temple   | Entered the Ecumenical Temple
  4069 | Temple   | Became a worshipper of Xom of Chaos
  4109 | D:7      | XOM: potion effect (invisibility)
  4115 | D:7      | Reached skill level 7 in Stealth
  4115 | D:7      | Reached skill level 1 in Shields
  4214 | D:7      | XOM: potion effect (invisibility)
  4216 | D:7      | Reached XP level 8. HP: 45/48 MP: 10/12
  4309 | D:7      | Gained mutation: You are occasionally teleported next to monsters. [mutagenic glow]
  4496 | D:8      | XOM: silly message
  4499 | D:8      | XOM: 3-stop teleportation journey
  4563 | D:7      | XOM: colour smoke trail
  4731 | D:7      | XOM: vitrification
  4787 | D:7      | XOM: god gift: glowing quarterstaff {god gift}
  5347 | D:7      | XOM: polymorph gnoll -> jelly
  5354 | D:7      | XOM: smoke on damage
  5495 | D:7      | XOM: give mutation
  5495 | D:7      | Gained mutation: You are weak. (Str -2) [Xom's mischief]
  5639 | D:7      | Gained mutation: Your magical capacity is low (-10% MP). [potion of mutation]
  5639 | D:7      | Lost mutation: You are weak. (Str -2) [potion of mutation]
  5639 | D:7      | Gained mutation: Your skin blends seamlessly with your surroundings (Stealth). [potion of mutation]
  5847 | D:7      | XOM: divination: detect creatures
  6017 | D:7      | XOM: god gift: crooked smoking rod {god gift}
  6319 | D:8      | XOM: cast spell 'Chain of Chaos'
  6328 | D:8      | Noticed Maurice
  6467 | D:7      | XOM: harmless Ice miscast
  6559 | D:8      | XOM: harmless Fire miscast
  6566 | D:8      | Paralysed by a wasp for 1 turns
  6587 | D:8      | XOM: potion effect (heal wounds)
  6678 | D:7      | XOM: colour smoke trail
  7091 | D:7      | Reached skill level 8 in Stealth
  7833 | D:8      | XOM: colour smoke trail
  7980 | D:8      | Noticed Maurice
  7980 | D:8      | Maurice changed into Maurice the blink frog
  7980 | D:8      | XOM: polymorph Maurice -> Maurice the blink frog
  7989 | D:8      | Killed Maurice the blink frog
  7998 | D:8      | Gained mutation: Scrolls take you a little longer to read. [mutagenic meat]
  8000 | D:8      | Gained mutation: You evolve. [mutagenic meat]
  8001 | D:8      | Gained mutation: Your magical capacity is very low (-20% MP). [mutagenic meat]
  8080 | D:8      | XOM: divination: detect items
  8087 | D:8      | Lost mutation: Your magical capacity is very low (-20% MP). [evolution]
  8245 | D:7      | XOM: cast spell 'Excruciating Wounds'
  8252 | D:7      | XOM: confuse monster(s)
  8289 | D:7      | XOM: summons friendly white imp
  8312 | D:7      | Noticed a fire drake
  8312 | D:7      | an ice beast changed into a fire drake
  8312 | D:7      | XOM: polymorph ice beast -> fire drake
  8321 | D:7      | a fire drake changed into an ogre
  8321 | D:7      | XOM: polymorph fire drake -> ogre
  8329 | D:8      | XOM: medium Trmt miscast
  8361 | D:8      | XOM: polymorph ogre -> hog
  8371 | D:8      | Reached skill level 5 in Shields
  8371 | D:8      | Reached XP level 9. HP: 15/53 MP: 12/12
  8382 | D:8      | HP: 2/53 [orc priest/divine providence (10)]
  8555 | D:7      | XOM: silly message
  8840 | D:7      | XOM: harmless Trmt miscast
  9002 | D:6      | XOM: god gift: fizzy yellow potion
  9014 | D:6      | Reached skill level 9 in Stealth
  9138 | D:6      | Killed Prince Ribbit
  9213 | D:6      | XOM: give mutation
  9213 | D:6      | Gained mutation: You are clumsy. (Dex -2) [Xom's mischief]
  9508 | D:6      | Found a glowing golden altar of the Shining One.
  9783 | D:6      | XOM: divination: detect creatures
  9966 | D:4      | Killed from afar by an orc wizard

Vault maps used:
D:1:      denvon_arrival_planthouse, lemuel_flame_loot_1
D:2:      first_bread, kennysheep_crisscross
D:3:      minmay_goblin_kobold_castle, overflow_temple_1_default,
          lightli_corner_chamber, uniq_natasha, uniq_grinder
D:5:      grunt_pakellas_mercury, old_standard_altar, basic_altar,
          minmay_misc_feat_more_columns, kennysheep_small_square, uniq_eustachio
D:6:      st_stairs_11, tso_altar, uniq_prince_ribbit1
D:7:      minmay_temple_entry_glassed_door, serial_corexii_hall,
          corexii_hall_statues_deadend, corexii_hall_statues_x,
          corexii_hall_statues_t, corexii_hall_statues_l,
          corexii_hall_statues_x, corexii_hall_statues_i
D:8:      uniq_maurice
Temple:   eino_narrow_crystal_temple_a_12

Action                   |  1- 3 |  4- 6 |  7- 9 || total
-------------------------+-------+-------+-------++-------
Melee: Short sword       |    75 |    33 |       ||   108
       Rapier            |       |    20 |   176 ||   196
       Whip              |       |       |    32 ||    32
       Rod               |       |       |     7 ||     7
Evoke: Wand              |     3 |    16 |    32 ||    51
       Rod               |       |       |    27 ||    27
  Use: Potion            |       |     4 |     7 ||    11
       Scroll            |       |       |     1 ||     1
 Stab: Sleeping          |    10 |       |    12 ||    22
       Paralysed         |       |     2 |       ||     2
       Invisible         |       |       |     5 ||     5
       Distracted        |       |       |     4 ||     4
       Confused          |       |       |     1 ||     1
  Eat: Chunk             |     1 |       |    22 ||    23
       Meat ration       |       |     1 |       ||     1
       Bread ration      |       |       |     1 ||     1
       Beef jerky        |       |       |     1 ||     1
